 Dungeon Crawl Stone Soup version 0.29.1-13-g9f3cf754e1 (webtiles) character file.

Game seed: 12086234939117568139

79 cheesebisquit the Conjurer (level 4, -8/33 HPs)
             Began as a Draconian Conjurer on Jan 20, 2023.
             Blown up by Ijyb (16 damage)
             ... with a mindburst bolt
             ... on level 3 of the Dungeon.
             The game lasted 00:09:39 (3689 turns).

cheesebisquit the Conjurer (Draconian Conjurer)     Turns: 3689, Time: 00:09:40

Health: -8/33      AC:  6    Str:  9    XL:     4   Next: 16%
Magic:  4/8        EV: 12    Int: 21    God:
Gold:   188        SH:  0    Dex:  9    Spells: 8/9 levels left

rFire   . . .      SeeInvis .   e - +0 whip
rCold   . . .      Faith    .   (no shield)
rNeg    . . .      Spirit   .   (body armour unavailable)
rPois   .          Reflect  .   (helmet restricted)
rElec   .          Harm     .   (no cloak)
rCorr   .          Rampage  .   i - +0 pair of gloves
Will    .....                   (no boots)
Stlth   ++........              a - amulet of regeneration
HPRegen 0.91/turn               (no ring)
MPRegen 0.11/turn               (no ring)

@: no status effects
A: AC +5, unfitting armour, cold-blooded
a: no special abilities


You were on level 3 of the Dungeon.
You visited 1 branch of the dungeon, and saw 3 of its levels.

You collected 188 gold pieces.

Inventory:

Hand Weapons
 e - a +0 whip (weapon)
 k - a +0 mace
Armour
 i - a +0 pair of gloves (worn)
Jewellery
 a - an amulet of regeneration (around neck)
Wands
 m - a wand of flame (16)
Scrolls
 b - 4 scrolls of identify {unknown}
 c - a scroll of vulnerability {unknown}
 d - 2 scrolls of immolation {unknown}
 j - a scroll of acquirement {unknown}
 l - a scroll of teleportation {unknown}
Potions
 f - a potion of curing {unknown}
 g - a potion of resistance {unknown}
 h - a potion of attraction {unknown}


   Skills:
 - Level 1.8 Dodging
 - Level 1.9 Stealth
 + Level 3.2 Spellcasting
 + Level 4.9 Conjurations


You had 8 spell levels left.
You knew the following spells:

 Your Spells              Type           Power      Damage    Failure   Level
a - Magic Dart            Conj           92%        1d7       1%          1

Your spell library contained the following spells:

 Spells                   Type           Power      Damage    Failure   Level
 Searing Ray              Conj           46%        2d6       2%          2
 Dazzling Flash           Conj/Hex       26%        N/A       14%         3
 Fulminant Prism          Conj/Hex       6%         3d7       43%         4
 Iskenderun's Mystic Bla  Conj/Tloc      13%        2d5       43%         4


Dungeon Overview and Level Annotations

Branches:
Dungeon (3/15)

Altars:

Annotations:
D:3 Ijyb


Innate Abilities, Weirdness & Mutations

Your plain brown scales are hard. (AC +5)
You cannot fit into any form of body armour.
You are cold-blooded and may be slowed by cold attacks.


Message History

The orc is heavily wounded.
The magic dart hits the orc.
The orc is almost dead.
The magic dart hits the orc.
You kill the orc!
A ball python comes into view.
The magic dart hits the ball python.
You kill the ball python!
You can't see any susceptible monsters within range! (Use Z to cast anyway.)
A ball python comes into view.
The ball python moves out of view.
Ijyb is nearby!
The magic dart hits Ijyb but does no damage.
Ijyb shouts!
The magic dart hits Ijyb but does no damage.
Ijyb zaps a wand.
Your mind is blasted!
Ouch! That really hurt!
You are too injured to fight recklessly!
Aiming: Magic Dart (safe; 1% risk of failure)
Press: ? - help, Q - select action, (/) - cycle Shift-Dir - straight line, f/p - Ijyb
Aim: Ijyb, wielding a +2 dagger of venom, wearing a +0 leather armour and carrying a wand of mindburst (15) (100% to hit)
The magic dart hits Ijyb.
Ijyb is moderately wounded.
Ijyb is nearby!
Aiming: Magic Dart (safe; 1% risk of failure)
Press: ? - help, Q - select action, (/) - cycle Shift-Dir - straight line, f/p - Ijyb
Aim: Ijyb, wielding a +2 dagger of venom, wearing a +0 leather armour and carrying a wand of mindburst (15) (moderately wounded, 100% to hit)
The magic dart hits Ijyb but does no damage.
Ijyb is moderately wounded.
Aiming: Magic Dart (safe; 1% risk of failure)
Press: ? - help, Q - select action, (/) - cycle Shift-Dir - straight line, f/p - Ijyb
Aim: Ijyb, wielding a +2 dagger of venom, wearing a +0 leather armour and carrying a wand of mindburst (15) (moderately wounded, 100% to hit)
The magic dart hits Ijyb.
Ijyb is moderately wounded.
Ijyb zaps a wand.
Your mind is blasted!
Ouch! That really hurt!
* * * LOW HITPOINT WARNING * * *
Okay, then.
Ijyb zaps a wand.
Your mind is blasted!
You die...

######## #.g.g..#
######## #.####.#
#......# #.# #.#
#######.####.# #.#
##g####S##
...........#.# #@#
#...)....†
.######.##.#.# #.#
#..####.## ..#
#.##.#.# #.###..#
.## #.##.#.#
#......# ##
#......#######.##
# #.........# #.#
# #.#...###.# #.#
##
#......##.####.###
.##
#......##.##.....#


You could see Ijyb.

Vanquished Creatures
  An adder (D:3)
  5 worms
  2 dart slugs (D:1)
  An orc (D:3)
  3 bats
  5 endoplasms
  2 giant cockroaches (D:1)
  4 goblins
  3 hobgoblins (D:1)
  3 jackals (D:1)
  2 kobolds
  2 quokkas
  6 ball pythons
  4 frilled lizards
  5 rats
48 creatures vanquished.

Notes
Turn   | Place    | Note
-------+----------+-------------------------------------------
     0 | D:1      | cheesebisquit the Draconian Conjurer began the quest for
                  | the Orb.
     0 | D:1      | Reached XP level 1. HP: 14/14 MP: 3/3
   317 | D:1      | Reached XP level 2. HP: 16/20 MP: 1/5
  1445 | D:1      | Reached XP level 3. HP: 26/26 MP: 0/6
  1514 | D:1      | Found a faded altar of an unknown god.
  3042 | D:3      | Reached XP level 4. HP: 33/33 MP: 6/8
  3534 | D:3      | Noticed Ijyb
  3682 | D:3      | HP: 1/33 [disintegration (19)]
  3689 | D:3      | Blown up by Ijyb

Illustrated notes

Levels and vault maps discovered:
D:1:      lightli_arrival_windingriver, layout_loops_ring,
          hellmonk_ecumenical_altar_defaced_shrine, serial_forest,
          infiniplex_forest_lined_corner, infiniplex_forest_straight_2,
          infiniplex_forest_clump_medium, infiniplex_forest_lined_3,
          infiniplex_forest_clump_diagonal, infiniplex_forest_end_2,
          infiniplex_forest_straight_2, infiniplex_forest_lined_3_way,
          corexii_hall_statues_s
D:2:      layout_basic, serial_forest, infiniplex_forest_clump_tiny,
          infiniplex_forest_straight_1, infiniplex_forest_straight_4,
          infiniplex_forest_clump_tiny, infiniplex_forest_clump_tiny,
          infiniplex_forest_zigzag_2, infiniplex_forest_clump_cross,
          infiniplex_forest_end_1, infiniplex_forest_lined_1
D:3:      layout_loops_corners, general_overflow_altar, uniq_ijyb

Skill      XL: |  1  2  3 |
---------------+----------+-----
Spellcasting   | 3 |  3.2
Dodging        | |  1.8
Stealth        | |  1.9
Conjurations   | |  4.9

Action                   |  1- 3 |  4- 6 || total
-------------------------+-------+-------++-------
Melee: Unarmed           |    12 |       ||    12
       Tailslap          |     3 |       ||     3
       Whip              |     8 |       ||     8
 Cast: Magic Dart        |   105 |    20 ||   125
  Use: Potion            |     1 |       ||     1
Armor: Skin              |    11 |       ||    11
Dodge: Dodged            |    16 |       ||    16
